 Dungeon Crawl Stone Soup version 0.30-a0-626-gd6a5dd7a1f (webtiles) character file.

Game seed: 12853380411923887214

126 testman the Stinger (level 5, -2/34 HPs)
             Began as an Octopode Venom Mage on Jan 11, 2023.
             Was a Follower of Ashenzari.
             Slain by a phantom (3 damage)
             ... on level 3 of the Dungeon.
             The game lasted 00:06:53 (2425 turns).

testman the Stinger (Octopode Venom Mage)           Turns: 2425, Time: 00:06:54

Health: -2/34      AC:  1    Str:  7    XL:     5   Next: 9%
Magic:  9/9        EV: 13    Int: 20    God:    Ashenzari [*.....]
Gold:   128        SH:  0    Dex: 18    Spells: 3/9 levels left

rFire   . . .      SeeInvis .    b - +0 short sword of Apeoromancy {Elem, Melee} (curse)
rCold   . . .      Faith    .    (no shield)
rNeg    . . .      Spirit   .    (helmet restricted)
rPois   .          Reflect  .    (no amulet)
rElec   .          Harm     .    f - ring "Free Will of Ashenzari" {Dex+6, Comp, Range} (curse)
rCorr   .          Rampage  .    (no ring)
Will    .....                    (no ring)
Stlth   +++                      (no ring)
HPRegen 0.25/turn                (no ring)
MPRegen 0.11/turn                (no ring)
                                 (no ring)
                                 (no ring)

@: no status effects
A: almost no armour, amphibious, 8 rings, camouflage 1, gelatinous body 1,
(nimble swimmer 1), tentacles
a: Renounce Religion, Curse Item, Shatter the Chains


You were on level 3 of the Dungeon.
You worshipped Ashenzari.
Ashenzari was aware of your devotion.
You visited 1 branch of the dungeon, and saw 4 of its levels.

You collected 128 gold pieces.

Inventory:

Hand Weapons
 b - the cursed +0 short sword of Apeoromancy (weapon) {Elem, Melee}
   (You took it off a kobold on level 1 of the Dungeon)

   It has a curse which improves the following skills: Elements: Fire Magic, Ice
   Magic, Air Magic and Earth Magic.
   Melee Combat: Short Blades, Long Blades, Axes, Maces & Flails, Polearms,
   Staves and Unarmed Combat.
Magical Staves
 k - a staff of poison
Jewellery
 f - the cursed ring "Free Will of Ashenzari" (left tentacle) {Dex+6, Comp, Range}
   (You found it on level 2 of the Dungeon)

   [ring of dexterity]

   Dex:       It affects your dexterity (+6).
   It has a curse which improves the following skills: Companions: Summonings
   and Necromancy.
   Ranged Combat: Ranged Weapons and Throwing.
Scrolls
 d - 5 scrolls of identify
 i - 2 scrolls of magic mapping
 j - 3 scrolls of immolation
 l - a scroll of fear
Potions
 a - a potion of magic
 e - a potion of ambrosia
 g - a potion of mutation
 h - 2 potions of curing


   Skills:
 + Level 1.8 Fighting
 - Level 2.0 Dodging
 - Level 2.6 Stealth
 + Level 2.9 Spellcasting
 + Level 1.2 Conjurations
 - Level 1.0 Transmutations
 + Level 1.4(2.1) Air Magic
 + Level 4.6 Poison Magic


You had 3 spell levels left.
You knew the following spells:

 Your Spells              Type           Power      Damage    Failure   Level
a - Sting                 Tmut/Pois      56%        1d5       4%          1
b - Poisonous Vapours     Pois/Air       32%        N/A       5%          2
c - Mephitic Cloud        Conj/Pois/Air  13%        N/A       14%         3

Your spell library contained the following spells:

 Spells                   Type           Power      Damage    Failure   Level
 Olgreb's Toxic Radiance  Pois           21%        N/A       22%         4


Dungeon Overview and Level Annotations

Branches:
Dungeon (4/15)
 Temple: D:4-7

Altars:
Ashenzari

Shops:
D:2 !


Innate Abilities, Weirdness & Mutations

You cannot wear most types of armour.
You are amphibious.
You can wear up to eight rings at the same time.
Your skin changes colour to match your surroundings (Stealth+).
Your rubbery body absorbs attacks. (AC +1, EV +1)
((You are camouflaged when in or above water. (Stealth+)))
You have tentacles for arms and can constrict up to eight enemies at once.


Message History

You squeeze the phantom, but do no damage.
The phantom is lightly damaged.
The phantom hits you.
The phantom blinks!
You blink.
You are too injured to fight recklessly!
You are too injured to fight recklessly!
You barely miss the phantom. Your squeeze misses the phantom.
The phantom is lightly damaged.
The phantom closely misses you.
You hit the phantom.
The phantom is moderately damaged.
The phantom hits you.
You hit the phantom. Your squeeze misses the phantom.
The phantom is heavily damaged.
The phantom hits you.
* * * LOW HITPOINT WARNING * * *
The phantom blinks!
You blink.
You hit the phantom. You squeeze the phantom.
The phantom is severely damaged.
The phantom misses you.
You hit the phantom but do no damage.
The phantom is severely damaged.
The phantom completely misses you.
You barely miss the phantom. Your squeeze misses the phantom.
The phantom is severely damaged.
The phantom hits you!
* * * LOW HITPOINT WARNING * * *
You closely miss the phantom.
The phantom is severely damaged.
The phantom hits you.
* * * LOW HITPOINT WARNING * * *
You hit the phantom.
The phantom is almost destroyed.
The phantom misses you.
You completely miss the phantom.
The phantom is almost destroyed.
The phantom closely misses you.
You barely miss the phantom.
The phantom is almost destroyed.
The phantom hits you.
You die...

.########.##.# ..###.#
#.##.# ......# #.##.#
......###[##.#
...#..#......#
...#......#####
....#.#.......#
......#.##..#.####
......#.##.>....@#
......#.####..##W#
....#.#.##....##.#
........##.#.###.#
.#....####.#.....#
.#########.#######
................#
.#########.####.#######
## #.####.......#


You could see a phantom.

Vanquished Creatures
  A scorpion zombie (D:4)
  A hound zombie (D:4)
  2 adders
  2 dart slugs
  An orc (D:3)
  5 ball pythons (D:3)
  6 bats
  5 endoplasms
  4 giant cockroaches
  7 goblins
  3 hobgoblins
  6 jackals
  A quokka (D:3)
  A frilled lizard (D:2)
  8 kobolds
  9 rats
62 creatures vanquished.

Vanquished Creatures (others)
  4 withered plants (D:4)
4 creatures vanquished.

Grand Total: 66 creatures vanquished

Notes
Turn   | Place    | Note
-------+----------+-------------------------------------------
     0 | D:1      | testman the Octopode Venom Mage began the quest for the
                  | Orb.
     0 | D:1      | Reached XP level 1. HP: 11/11 MP: 3/3
    57 | D:1      | Found a faded altar of an unknown god.
    75 | D:1      | Prayed at the altar of an unknown god.
    75 | D:1      | Became a worshipper of Ashenzari the Shackled
   118 | D:1      | Reached XP level 2. HP: 17/17 MP: 5/5
   122 | D:1      | Reached skill level 4 in Poison Magic
   322 | D:1      | Learned a level 2 spell: Poisonous Vapours
   799 | D:2      | Found Bomoleno's Distillery.
   826 | D:2      | Reached * piety under Ashenzari
   995 | D:2      | Reached skill level 1 in Fighting
   995 | D:2      | Reached XP level 3. HP: 23/23 MP: 6/6
   999 | D:2      | Learned a level 3 spell: Mephitic Cloud
  1671 | D:3      | Reached XP level 4. HP: 20/28 MP: 8/8
  1923 | D:3      | Reached skill level 1 in Air Magic
  2376 | D:4      | Noticed a phantom
  2386 | D:4      | Reached skill level 1 in Conjurations
  2396 | D:4      | Reached XP level 5. HP: 16/34 MP: 9/9
  2421 | D:3      | HP: 1/34 [phantom (7)]
  2425 | D:3      | Slain by a phantom

Illustrated notes

Levels and vault maps discovered:
D:1:      dpeg_arrival_arbitrary_a, layout_loops_ring,
          shapermc_ecumenical_altar_venn, minmay_tetromino_s4
D:2:      layout_basic, serial_shops, nicolae_square_shop
D:3:      layout_basic, grunt_ministairs_9, st_stairs_3, minmay_close_crescents
D:4:      layout_basic, minmay_temple_entry_grid, serial_undead,
          serial_undead_e, serial_undead_f, serial_undead_e, serial_undead_d

Skill      XL: |  1  2  3  4 |
---------------+-------------+-----
Poison Magic   | 4 |  4.6
Fighting       | 1 |  1.8
Air Magic      | 1 |  1.4
Conjurations   | 1 |  1.2
Dodging        | |  2.0
Stealth        | |  2.6
Spellcasting   | |  2.9
Transmutations | |  1.0

Action                   |  1- 3 |  4- 6 || total
-------------------------+-------+-------++-------
Melee: Short sword       |    76 |    65 ||   141
       Tentacles         |    13 |    11 ||    24
       Constrict         |    15 |    12 ||    27
       Unarmed           |     1 |       ||     1
       Punch             |       |     2 ||     2
 Cast: Sting             |     6 |       ||     6
Invok: Curse Item        |     2 |       ||     2
  Use: Potion            |       |     1 ||     1
 Stab: Sleeping          |    19 |     9 ||    28
Armor: Skin              |     8 |     2 ||    10
Dodge: Dodged            |    48 |    31 ||    79

Table legend: (Time is in decaauts)
 A = Elapsed time spent in this place.
 B = Non-inter-level travel time spent in this place.
 C = Inter-level travel time spent in this place.
 D = Time resting spent in this place.
 E = Time spent auto-exploring this place.
 F = Levels seen in this place.
 G = Mean time per level.
                   A        B        C        D        E       F      G
               +--------+--------+--------+--------+--------+-----+--------+
         Total |   2423 |   2282 |    141 |      0 |   1856 |   4 |  605.8 |
       Dungeon |   2423 |   2282 |    141 |      0 |   1856 |   4 |  605.8 |
               +--------+--------+--------+--------+--------+-----+--------+

Top non-repeatable levels by time:
     D:3: 908 daAuts
     D:1: 743 daAuts
     D:2: 696 daAuts
     D:4: 74 daAuts
